 Dungeon Crawl Stone Soup version 0.29.1-1-gd02db69 (webtiles) character file.

Game seed: 14039483980492177247

25 Jonnyslop the Trooper (level 3, -3/24 HPs)
             Began as a Gargoyle Fighter on Sept 30, 2022.
             Killed by divine providence
             ... invoked by an orc priest
              (13 damage)
             ... on level 2 of the Dungeon.
             The game lasted 00:02:36 (823 turns).

Jonnyslop the Trooper (Gargoyle Fighter)             Turns: 823, Time: 00:02:37

Health: -3/24      AC: 10    Str: 21    XL:     3   Next: 6%
Magic:  3/3        EV:  9    Int:  8    God:
Gold:   103        SH:  4    Dex:  9    Spells: 2/2 levels left

rFire   . . .      SeeInvis .   a - +1 flail
rCold   . . .      Faith    .   c - +0 buckler
rNeg    + . .      Spirit   .   b - +0 scale mail
rPois   ∞          Reflect  .   (no helmet)
rElec   +          Harm     .   (no cloak)
rCorr   .          Rampage  .   (no gloves)
Will    .....                   (no boots)
Stlth   ..........              (no amulet)
HPRegen 0.08/turn               (no ring)
MPRegen 0.08/turn               (no ring)

@: no status effects
A: sickness immunity, AC +3, negative energy resistance 1, electricity
resistance, torment resistance 1, petrification resistance
a: no special abilities


You were on level 2 of the Dungeon.
You visited 1 branch of the dungeon, and saw 2 of its levels.

You collected 103 gold pieces.

Inventory:

Hand Weapons
 a - a +1 flail (weapon)
Armour
 b - a +0 scale mail (worn)
 c - a +0 buckler (worn)
Potions
 d - a potion of might
 e - a potion of heal wounds
 f - 2 potions of curing
 g - a potion of lignification {unknown}
 h - a potion of attraction {unknown}
 j - a potion of degeneration {unknown}


   Skills:
 + Level 3.7 Fighting
 * Level 3.0 Maces & Flails
 - Level 3.2 Armour
 - Level 3.2 Shields


You had 2 spell levels left.
You didn't know any spells.
Your spell library was empty.

Dungeon Overview and Level Annotations

Branches:
Dungeon (2/15)

Altars:


Innate Abilities, Weirdness & Mutations

You are immune to sickness and miasma.
Your stone body is resilient. (AC +3)
You are immune to poison.
You resist negative energy. (rN+)
You are resistant to electric shocks. (rElec)
You are resistant to unholy torment.
You are immune to petrification.


Message History

Your experience leads to an increase in your attributes!
Increase (S)trength, (I)ntelligence, or (D)exterity?
You feel stronger. x2
As you read the scroll of identify, it crumbles to dust.
e - a potion of heal wounds
As you read the scroll labelled PEORARR UDDU, it crumbles to dust.
A profound silence engulfs you.
It was a scroll of silence.
HP restored.
Your hearing returns.
You see here a ball python corpse.
You now have 103 gold pieces (gained 7).
You see here a ball python corpse.
An orc comes into view. It is wielding a +0 falchion.
An orc comes into view. It is wielding a +0 hand axe.
The orc shouts!
You hear an angry hiss.
An adder comes into view.
You hear a shout!
An orc comes into view. It is wielding a +0 flail.
The orc shouts!
The adder hisses angrily.
An orc priest comes into view. It is wielding a +1 vorpal flail.
The orc priest shouts!
You block the orc's attack.
You sock the orc!
You kill the orc!
A ball python comes into view.
The orc hits you but does no damage.
The orc priest invokes the aid of Beogh against you.
Beogh smites you!
Ouch! That really hurt!
The ball python hisses angrily.
The orc attacks as you move away! The orc barely misses you.
The adder attacks as you move away! The adder completely misses you.
The adder bites you but does no damage.
You closely miss the adder. The adder barely misses you.
The adder attacks as you move away! The adder misses you.
The adder barely misses you.
The orc priest mumbles some strange prayers to Beogh against you.
Beogh smites you!
Ouch! That really hurt!
You die...

.### #.... ..# #..## #.#
#.... #.############...#
#...........##...#
#...........##....
#######................#
........................
...####@#########.......
#..So.# #..#..## #####o#
#..#.... .######.#
#..##.## ........#
#.#.......
#######o..#.....#...
#o####....#... #.#
#....+... #S# #....####


You could see an orc priest, an adder and an orc.

Vanquished Creatures
  A dart slug (D:1)
  An orc (D:2)
  A ball python (D:2)
  A giant cockroach (D:1)
  A goblin (D:1)
  3 hobgoblins (D:1)
  4 jackals (D:1)
  A kobold (D:1)
  A quokka (D:1)
  2 bats
  A frilled lizard (D:1)
  2 rats (D:1)
19 creatures vanquished.

Notes
Turn   | Place    | Note
-------+----------+-------------------------------------------
     0 | D:1      | Jonnyslop the Gargoyle Fighter began the quest for the Orb.
     0 | D:1      | Reached XP level 1. HP: 14/14 MP: 1/1
   109 | D:1      | Reached XP level 2. HP: 18/19 MP: 2/2
   125 | D:1      | Found a faded altar of an unknown god.
   756 | D:2      | Reached XP level 3. HP: 21/24 MP: 3/3
   823 | D:2      | Killed from afar by an orc priest

Illustrated notes

Levels and vault maps discovered:
D:1:      dpeg_arrival_arbitrary_a, layout_rooms,
          hellmonk_ecumenical_altar_run_dry
D:2:      layout_basic, basic_altar

Skill      XL: |  1  2 |
---------------+-------+-----
Maces & Flails | 3 |  3.0
Fighting       | |  3.7
Armour         | |  3.2
Shields        | |  3.2

Action                   || total
-------------------------++-------
Melee: Flail             ||    52
  Use: Scroll            ||     5
Armor: Scale mail        ||    49
Dodge: Dodged            ||    44
Block: Buckler           ||    17
